 Dungeon Crawl Stone Soup version 0.30-a0-341-g682706514a (webtiles) character file.

Game seed: 11420036751610911501

118187 koil the Warrior (level 16, -23/155 HPs)
             Began as a Hill Orc Berserker on Nov 2, 2022.
             Was the Champion of Trog.
             Killed from afar by a shock serpent (31 damage)
             ... with a bolt of electricity
             ... on level 2 of the Lair of Beasts on Nov 3, 2022.
             The game lasted 02:47:31 (33149 turns).

koil the Warrior (Hill Orc Berserker)              Turns: 33149, Time: 02:47:31

Health: -23/155    AC: 15    Str: 32    XL:     16   Next: 76%
Magic:  16/16      EV: 13    Int: 15    God:    Trog [******]
Gold:   2429       SH:  0    Dex:  6    Spells: 15/15 levels left

rFire   + + .      SeeInvis .    a - +5 battleaxe of Terra Nullius {vorpal, rPois rCorr}
rCold   + . .      Faith    .    (shield currently unavailable)
rNeg    . . .      Spirit   .    E - +3 scale mail {Will+}
rPois   +          Reflect  .    (helmet restricted)
rElec   .          Harm     .    C - scarf {rC+ rF+}
rCorr   +          Rampage  .    (no gloves)
Will    ++...                    w - +1 pair of boots
Stlth   ..........               i - amulet of regeneration
HPRegen 2.05/turn                y - ring of protection from fire
MPRegen 0.15/turn                U - +6 ring of strength

@: no status effects
A: antennae 1, clever 2, clumsy 1, regeneration 1
a: Renounce Religion, Berserk, Trog's Hand, Brothers in Arms


You were on level 2 of the Lair of Beasts.
You worshipped Trog.
Trog was exalted by your worship.
You visited 5 branches of the dungeon, and saw 24 of its levels.
You also visited: Ice Cave.

You collected 3142 gold pieces.
You spent 713 gold pieces at shops.

Inventory:

Hand Weapons
 a - the +5 battleaxe of Terra Nullius (weapon) {vorpal, rPois rCorr}
   (Trog gifted it to you on level 5 of the Lair of Beasts)

   It inflicts extra damage upon your enemies.
   rPois:     It protects you from poison.
   rCorr:     It protects you from acid and corrosion.
 b - a +3 arbalest
 d - a +4 shortbow of flaming
 e - the +5 broad axe "Ruky" {drain, *Rage Fly Dex+7}
   (You found it on level 12 of the Dungeon)

   A truly terrible weapon, it drains the life of any living foe it strikes.
   Dex:       It affects your dexterity (+7).
   Fly:       It grants you flight.
   *Rage:     It berserks you when you make melee attacks (+20% chance).
 s - a +3 hand axe
 L - the +4 short sword "Naynuon" {drain, rPois rN++ rCorr Int-5}
   (You found it on level 2 of the Dungeon)

   A truly terrible weapon, it drains the life of any living foe it strikes.
   Int:       It affects your intelligence (-5).
   rPois:     It protects you from poison.
   rN:        It greatly protects you from negative energy.
   rCorr:     It protects you from acid and corrosion.
 P - the +8 hand axe of Karma {drain, rElec Will+}
   (You found it on level 15 of the Dungeon)

   A truly terrible weapon, it drains the life of any living foe it strikes.
   rElec:     It insulates you from electricity.
   Will:      It increases your willpower.
Missiles
 c - 2 throwing nets
 m - 4 curare-tipped darts
 x - 54 poisoned darts (quivered)
Armour
 f - the +3 pair of boots of Giwigg {+Inv rF- Str+3}
   (You acquired it in the Ecumenical Temple)

   Str:       It affects your strength (+3).
   rF:        It makes you vulnerable to fire.
   +Inv:      It lets you turn invisible.
 n - a +1 helmet
 w - a +1 pair of boots (worn)
 C - a scarf of resistance (worn)
 E - a +3 scale mail of willpower (worn)
 N - the +1 cloak "Hauwair" {-Cast rCorr Slay+3}
   (You found it on level 10 of the Dungeon)

   Slay:      It affects your accuracy & damage with ranged weapons and melee
   (+3).
   -Cast:     It prevents spellcasting.
   rCorr:     It protects you from acid and corrosion.
Jewellery
 i - an amulet of regeneration (around neck)
 l - a ring of willpower
 y - a ring of protection from fire (left hand)
 B - the macabre finger necklace {rN+}
   (You found it in an ice cave)

   [amulet of nothing]

   It enables you to equip an extra ring.
   rN:        It protects you from negative energy.
 F - a +4 ring of evasion
 M - an amulet of reflection
 U - a +6 ring of strength (right hand)
 W - a +4 ring of slaying
Wands
 H - a wand of iceblast (1)
 J - a wand of acid (18)
Scrolls
 h - a scroll of enchant armour
 j - 6 scrolls of teleportation
 k - 4 scrolls of magic mapping
 r - 3 scrolls of butterflies
 u - 4 scrolls of immolation
 A - 3 scrolls of torment
 O - 2 scrolls of summoning
 Q - 9 scrolls of identify
 T - 2 scrolls of fear
 V - 2 scrolls of vulnerability
 Y - 3 scrolls of poison
Potions
 g - 6 potions of might
 o - 3 potions of haste
 p - 3 potions of flight
 t - 7 potions of curing
 G - 2 potions of ambrosia
 Z - a potion of cancellation


   Skills:
 + Level 17.1 Fighting
 - Level 10.0 Short Blades
 * Level 5.8 Axes
 + Level 12.8 Ranged Weapons
 + Level 15.6 Armour
 + Level 12.2 Dodging
 + Level 1.2 Evocations


You had 15 spell levels left.
You didn't know any spells.
Your spell library was empty.

Dungeon Overview and Level Annotations

Branches:
Dungeon (15/15)            Temple (1/1) D:5            Lair (5/5) D:10
 Shoals (0/4) Lair:3        Snake (1/4) Lair:2        Slime (0/5) Lair:5
    Orc (2/2) D:12            Elf (0/3) Orc:2        Vaults (0/5) D:14
 Depths (0/4) D:15          IceCv (visited)

Altars:
Ashenzari
Cheibriados
Dithmenos
Fedhas
Gozag
Kikubaaqudgha
Nemelex Xobeh
Okawaru
Ru
Sif Muna
Trog
Uskayaw
Yredelemnul
The Shining One
Beogh
Jiyva

Shops:
Orc:1 (   Orc:2 !:!!


Innate Abilities, Weirdness & Mutations

You have a pair of small antennae on your head.
Your mind is very acute. (Int +8, Str/Dex -2)
You are clumsy. (Dex -2)
Your natural rate of healing is unusually fast.


Message History

* * * LOW HITPOINT WARNING * * *
The sea snake bites you.
* * * LOW HITPOINT WARNING * * *
The anaconda bites you but does no damage.
The anaconda constricts you.
* * * LOW HITPOINT WARNING * * *
The anaconda bites you.
* * * LOW HITPOINT WARNING * * *
As you read the scroll of fear, it crumbles to dust.
You assume a fearsome visage.
The black mamba looks frightened!
The anaconda looks frightened!
The mana viper resists with some effort.
The sea snake looks frightened!
The black mamba looks frightened! x2
The anaconda looks frightened!
The shock serpent resists with almost no effort.
The anaconda looks frightened!
The anaconda loses its grip on you.
The shock serpent bites you but does no damage.
Cornered, the anaconda turns to fight! x2; The shock serpent barely misses you.
You climb upwards.
Welcome back to the Lair of Beasts!
There is a staircase to the Snake Pit here.
Unknown command.
You miss the shock serpent. The shock serpent closely misses you.
The shock serpent bites you.
* * * LOW HITPOINT WARNING * * *
The shock serpent shocks you!
* * * LOW HITPOINT WARNING * * *
Okay, then.
Okay, then.
You feel better.
The shock serpent shoots out a bolt of lightning at you!
The bolt of electricity hits you!!
* * * LOW HITPOINT WARNING * * *
Okay, then.
Okay, then.
Blink to where?
Press: ? - help, Dir - move target
As you read the scroll of blinking, it crumbles to dust.
The shock serpent shoots out a bolt of lightning at you!
The bolt of electricity hits you!!
You die...

.....###...............P#####....
.....P###............S...# #..##
......##...##...#....#...# #..##
.....)#P....#...#....#..## #...#
......###...##..##..##..# #..#.
...........##...##...#..# #..##
...........###..##..##..# ##...#
.....###P..# #..#...##..## #.....
.....# #...# #..@#..##...####....
.....# ##..###..##...#......#..##
###..# #.......#P..##..........#
##...####..###..#....#.........##
###...##...P#...##...#..###....#
.#P..###..P.#...##..#...# ###..##
###..# ##...#...##...#..## #...#
.##..# #....##...#.......# #...#
###..# ##...........#....# #...#


You could see a shock serpent.

Vanquished Creatures
  Jorgrun (Orc:2)
  Rupert (Lair:4)
  Roxanne (Snake:1)
  A stone giant (D:15)
  The ghost of eyols the Bludgeoner, a journeyman GrRe of Jiyva (Orc:2)
  A fire dragon (D:14)
  An ice dragon (IceCv)
  The ghost of HilariousDeathArtist the Cleaver, a journeyman BaRe of Dithmenos (D:11)
  6 hydras
  5 catoblepae
  An ogre mage (D:15)
  An anaconda (Snake:1)
  4 centaur warriors
  2 dancing weapons (D:14)
  A naga warrior (Snake:1)
  10 death yaks
  13 two-headed ogres
  6 boulder beetles
  A naga sharpshooter (Snake:1)
  5 orc high priests (Orc:2)
  Sonja (Lair:1)
  9 skeletal warriors
  A spriggan (Lair:4)
  A sea snake (shapeshifter) (D:14)
  2 lindwurms (D:15)
  A deep elf pyromancer (D:11)
  2 orc sorcerers
  2 mana vipers (Snake:1)
  10 cyclopes
  16 ugly things
  9 manticores
  2 salamanders (Snake:1)
  8 elephants
  A naga mage (Snake:1)
  Maggie (D:7)
  7 black mambas
  A gargoyle (D:11)
  2 ice statues (IceCv)
  A molten gargoyle (D:15)
  4 unseen horrors
  9 cane toads
  3 torpor snails
  7 rime drakes
  11 komodo dragons
  An efreet (D:14)
  6 trolls
  A polar bear (Lair:1)
  A burning bush (Lair:2)
  3 meliai (D:15)
  2 hornets
  7 slime creatures (D:14)
  A tyrant leech (D:15)
  Prince Ribbit (D:5)
  18 blink frogs
  A wind drake (Lair:5)
  A hornet (shapeshifter) (D:15)
  8 dream sheep
  2 shadows
  A vampire (D:13)
  67 yaks
  A wraith (D:11)
  8 wyverns
  4 water elementals
  3 fire bats (D:15)
  3 steam dragons
  8 basilisks
  8 vampire mosquitoes
  Menkaure (D:5)
  An acid dragon (D:10)
  6 wargs
  3 nagas (Snake:1)
  2 hell hounds (D:15)
  18 water moccasins
  21 orc warriors
  3 ice beasts (D:6)
  2 sky beasts
  A black bear (D:5)
  14 ogres
  34 wolves
  7 centaurs
  3 kobold brigands
  Blork the orc (D:5)
  13 bullfrogs
  A gnoll sergeant (D:6)
  A necrophage (D:5)
  3 scorpions
  6 killer bees
  2 lindwurm simulacra (IceCv)
  A vampire bat (D:15)
  2 electric eels (D:12)
  4 howler monkeys
  A lava snake (D:15)
  10 hounds
  6 komodo dragon simulacra (IceCv)
  36 orc priests
  10 jellies (Lair:5)
  3 iguanas
  Jessica (D:3)
  26 orc wizards
  Natasha (thrice) (D:3)
  7 hell rats (Lair:5)
  10 gnolls
  14 adders
  10 acid dragon simulacra (IceCv)
  14 white imps
  3 steam dragon simulacra (IceCv)
  9 worms
  2 dart slugs (D:1)
  77 orcs
  9 ball pythons
  10 bats
  8 endoplasms
  4 giant cockroaches
  4 goblins (D:1)
  9 hobgoblins
  10 jackals
  9 kobolds
  3 quokkas
  2 frilled lizards
  4 rats
794 creatures vanquished.

Vanquished Creatures (collateral kills)
  2 orc warriors (Orc:2)
  An orc priest (Orc:2)
  2 orc wizards (Orc:2)
5 creatures vanquished.

Vanquished Creatures (others)
  An ogre mage (D:13)
  A worm (D:15)
  2 jackals (D:15)
  A bush (Lair:4)
  25 fungi
  39 plants
69 creatures vanquished.

Grand Total: 868 creatures vanquished

Notes
Turn   | Place    | Note
-------+----------+-------------------------------------------
     0 | D:1      | koil the Hill Orc Berserker began the quest for the Orb.
     0 | D:1      | Reached XP level 1. HP: 19/19 MP: 1/1
    17 | D:1      | Found a faded altar of an unknown god.
   146 | D:1      | Reached XP level 2. HP: 26/27 MP: 2/2
   413 | D:1      | Reached skill level 4 in Fighting
   448 | D:1      | Reached XP level 3. HP: 27/33 MP: 3/3
   475 | D:1      | Reached ** piety under Trog
   883 | D:2      | Reached XP level 4. HP: 40/40 MP: 4/4
  1187 | D:2      | Identified the +4 short sword "Naynuon" {drain, rPois rN++
                  | rCorr Int-5}
  1783 | D:3      | Noticed Jessica
  1791 | D:3      | Killed Jessica
  1792 | D:3      | Reached skill level 1 in Short Blades
  1792 | D:3      | Reached XP level 5. HP: 42/47 MP: 5/5
  2072 | D:3      | Found a sacrificial altar of Ru.
  2075 | D:3      | Found a glowing golden altar of the Shining One.
  2172 | D:3      | Noticed Natasha
  2180 | D:3      | Killed Natasha
  2371 | D:3      | Noticed Natasha
  2377 | D:3      | Killed Natasha
  2378 | D:3      | Reached XP level 6. HP: 52/55 MP: 6/6
  2586 | D:3      | Found a glowing golden altar of the Shining One.
  2587 | D:3      | Found a sacrificial altar of Ru.
  2596 | D:3      | Noticed Natasha
  2602 | D:3      | Killed Natasha
  2603 | D:3      | Reached skill level 5 in Fighting
  3039 | D:4      | Found a snail-covered altar of Cheibriados.
  3257 | D:4      | Reached *** piety under Trog
  3412 | D:4      | Found the +7 Throatcutter {drain, coup de grace}
  3434 | D:4      | Reached skill level 1 in Ranged Weapons
  3434 | D:4      | Reached XP level 7. HP: 32/61 MP: 7/7
  3791 | D:5      | Entered Level 5 of the Dungeon
  3878 | D:5      | Found a staircase to the Ecumenical Temple.
  3968 | D:5      | Noticed Menkaure
  3977 | D:5      | Killed Menkaure
  4194 | D:5      | Noticed a wyvern
  4207 | D:5      | Killed a wyvern
  4208 | D:5      | Reached skill level 6 in Fighting
  4208 | D:5      | Reached XP level 8. HP: 63/70 MP: 8/8
  4262 | D:5      | Noticed Blork the orc
  4272 | D:5      | Killed Blork the orc
  4365 | D:5      | Identified the ring "Lalif" {Wiz Str+5}
  4393 | D:5      | Reached skill level 5 in Armour
  4486 | D:5      | Reached skill level 5 in Short Blades
  4644 | D:5      | Found a basalt altar of Yredelemnul.
  4798 | D:5      | Noticed Prince Ribbit
  4829 | D:5      | Killed Prince Ribbit
  5022 | Temple   | Entered the Ecumenical Temple
  5056 | Temple   | Identified a scroll of acquirement
  5056 | Temple   | Acquired the +3 pair of boots of Giwigg {+Inv rF- Str+3}
  5128 | Temple   | Lost intelligence.
  6415 | D:6      | Noticed a shadow
  6451 | D:6      | Killed a shadow
  6452 | D:6      | Reached skill level 7 in Fighting
  6452 | D:6      | Reached XP level 9. HP: 58/79 MP: 9/9
  7261 | D:6      | Reached **** piety under Trog
  8029 | D:7      | Reached skill level 5 in Dodging
  8055 | D:7      | Reached skill level 8 in Fighting
  8175 | D:7      | Noticed Maggie
  8185 | D:7      | Killed Maggie
  8186 | D:7      | Reached XP level 10. HP: 88/88 MP: 10/10
  9697 | D:8      | Reached skill level 5 in Ranged Weapons
 10694 | D:9      | Reached skill level 9 in Fighting
 10742 | D:9      | Reached ***** piety under Trog
 11333 | D:10     | Entered Level 10 of the Dungeon
 11338 | D:10     | Identified the +1 cloak "Hauwair" {-Cast rCorr Slay+3}
 11340 | D:10     | Gained mutation: You are resistant to electric shocks.
                  | (rElec) [potion of mutation]
 11340 | D:10     | Gained mutation: Your flesh is heat resistant. (rF+)
                  | [potion of mutation]
 11340 | D:10     | Gained mutation: You expend magic power (3 MP) to
                  | strengthen your wands. [potion of mutation]
 11485 | D:10     | Found a staircase to the Lair.
 11515 | D:10     | Reached XP level 11. HP: 74/97 MP: 8/11
 11742 | D:10     | Identified the +0 hand axe of Greed {vorpal, rElec rC+}
 12415 | D:11     | Noticed a boulder beetle
 12416 | D:11     | Noticed a two-headed ogre
 12422 | D:11     | Noticed a manticore
 12441 | D:10     | Killed a boulder beetle
 12442 | D:10     | Reached skill level 10 in Fighting
 12448 | D:10     | Killed a manticore
 12672 | D:11     | Killed a two-headed ogre
 13263 | D:11     | Noticed a cyclops
 13278 | D:11     | Killed a cyclops
 13497 | D:11     | Found a runed translucent door.
 13497 | D:11     | Noticed a deep elf pyromancer
 13497 | D:11     | Noticed HilariousDeathArtist's ghost (journeyman BaRe)
 13891 | D:11     | Killed HilariousDeathArtist's ghost
 13901 | D:11     | Killed a deep elf pyromancer
 14129 | D:12     | Noticed a two-headed ogre
 14139 | D:12     | Killed a two-headed ogre
 14140 | D:12     | Reached XP level 12. HP: 103/108 MP: 12/12
 14189 | D:12     | Reached skill level 11 in Fighting
 14369 | D:12     | Identified the +4 robe of Claustrophobia {Rampage Fly rElec
                  | Str+3}
 14780 | D:13     | Noticed a two-headed ogre
 14782 | D:13     | Noticed a two-headed ogre
 14782 | D:13     | Noticed an ogre mage
 14782 | D:13     | Noticed a two-headed ogre
 15155 | D:12     | Found a staircase to the Orcish Mines.
 15190 | D:12     | Identified the +5 broad axe "Ruky" {drain, *Rage Fly Dex+7}
 15212 | D:12     | Reached skill level 10 in Armour
 15918 | Lair:1   | Entered Level 1 of the Lair of Beasts
 16350 | Lair:1   | Noticed Sonja
 16358 | Lair:1   | Killed Sonja
 16561 | Lair:1   | Received a gift from Trog
 16696 | Lair:1   | Reached skill level 10 in Short Blades
 17271 | Lair:2   | Reached skill level 12 in Fighting
 17532 | Lair:2   | Noticed a boulder beetle
 17557 | Lair:2   | Killed a boulder beetle
 17558 | Lair:2   | Reached XP level 13. HP: 108/118 MP: 13/13
 17886 | Lair:2   | Found a staircase to the Snake Pit.
 18641 | Lair:3   | Reached skill level 13 in Fighting
 18846 | Lair:3   | Found a frozen archway.
 18855 | IceCv    | Entered an ice cave
 19295 | IceCv    | Noticed an ice dragon
 19481 | IceCv    | Found the macabre finger necklace {rN+}
 19494 | IceCv    | Killed an ice dragon
 19804 | Lair:3   | Identified the +2 leather armour of Hipir {rPois rN+}
 20298 | Lair:3   | Found a staircase to the Shoals.
 20387 | Lair:4   | Noticed Rupert
 20522 | Lair:4   | Reached XP level 14. HP: 129/129 MP: 14/14
 20806 | Lair:4   | Killed Rupert
 20807 | Lair:4   | Reached skill level 10 in Ranged Weapons
 21336 | Lair:4   | Reached skill level 14 in Fighting
 21337 | Lair:4   | Received a gift from Trog
 21506 | Lair:4   | Identified the +1 ring mail of the Lily {Rampage rPois rC+}
 22131 | Lair:5   | Entered Level 5 of the Lair of Beasts
 22150 | Lair:5   | Reached skill level 10 in Dodging
 22528 | Lair:5   | Found a viscous altar of Jiyva.
 22529 | Lair:5   | Found a staircase to the Slime Pits.
 22924 | Lair:5   | Reached ****** piety under Trog
 22932 | Lair:5   | Reached XP level 15. HP: 139/139 MP: 15/15
 22937 | Lair:5   | Reached skill level 15 in Fighting
 23138 | Lair:5   | Identified the +5 battleaxe of Terra Nullius {vorpal, rPois
                  | rCorr} (Trog gifted it to you on level 5 of the Lair of
                  | Beasts)
 23138 | Lair:5   | Received a gift from Trog
 23768 | Orc:1    | Entered Level 1 of the Orcish Mines
 23812 | Orc:1    | Found Daish's Antique Weapon Shoppe.
 24179 | Orc:2    | Entered Level 2 of the Orcish Mines
 24190 | Orc:2    | Found a transporter.
 24193 | Orc:2    | Noticed eyols's ghost (journeyman GrRe)
 24260 | Orc:2    | Found a transporter.
 24292 | Orc:2    | Noticed Jorgrun
 24302 | Orc:2    | Killed Jorgrun
 24462 | Orc:2    | Found a staircase to the Elven Halls.
 24684 | Orc:2    | Received a gift from Trog
 24951 | Orc:2    | Found Poate's Book Boutique.
 24951 | Orc:2    | Found Penu's Distillery.
 24952 | Orc:2    | Found Tymapn's Distillery.
 24956 | Orc:2    | Found Jautes's Distillery.
 24960 | Orc:2    | Bought a potion of curing for 51 gold pieces
 24960 | Orc:2    | Bought a potion of heal wounds for 85 gold pieces
 24960 | Orc:2    | Bought a potion of curing for 51 gold pieces
 24960 | Orc:2    | Bought a potion of curing for 51 gold pieces
 24961 | Orc:2    | Bought a potion of heal wounds for 70 gold pieces
 24961 | Orc:2    | Bought a potion of heal wounds for 70 gold pieces
 24962 | Orc:2    | Bought a potion of heal wounds for 55 gold pieces
 25266 | Orc:2    | Killed eyols's ghost
 26094 | D:13     | You fall into a shaft and drop 2 floors!
 26094 | D:15     | Entered Level 15 of the Dungeon
 26270 | D:15     | Found a staircase to the Depths.
 26838 | D:15     | Found a shadowy altar of Dithmenos.
 26987 | D:15     | HP: 6/143 [eight-headed hydra (11)]
 26997 | D:15     | HP: 1/143 [skeletal warrior/+0 glaive (26)]
 27175 | D:14     | Reached skill level 16 in Fighting
 27390 | D:14     | Received a gift from Trog
 27531 | D:14     | Reached XP level 16. HP: 76/151 MP: 16/16
 27708 | D:14     | Found a gate to the Vaults.
 28073 | D:14     | Reached skill level 15 in Armour
 28906 | D:13     | Found a roughly hewn altar of Beogh.
 29894 | D:15     | Identified the +7 halberd of Qazlal's Generosity {vorpal,
                  | rElec rF+ rN++ Int-4}
 29912 | D:15     | Identified the +8 hand axe of Karma {drain, rElec Will+}
 29998 | D:15     | Received a gift from Trog
 30156 | D:15     | Reached skill level 17 in Fighting
 30166 | D:15     | Identified the +9 falchion "Qiory" {elec, rN++ Str-4 SInv}
 30682 | D:15     | Found a shadowy altar of Dithmenos.
 30772 | D:15     | Found a staircase to the Depths.
 31773 | Orc:2    | Bought a potion of mutation for 112 gold pieces
 31773 | Orc:2    | Bought a potion of mutation for 112 gold pieces
 31773 | Orc:2    | Bought a potion of might for 56 gold pieces
 31957 | Temple   | Lost mutation: You expend magic power (3 MP) to strengthen
                  | your wands. [potion of mutation]
 31957 | Temple   | Lost mutation: You are resistant to electric shocks.
                  | (rElec) [potion of mutation]
 31957 | Temple   | Lost mutation: Your flesh is heat resistant. (rF+) [potion
                  | of mutation]
 31957 | Temple   | Gained mutation: You possess an exceptional clarity of
                  | mind. [potion of mutation]
 31957 | Temple   | Gained mutation: Your system is resistant to poisons.
                  | (rPois) [potion of mutation]
 31958 | Temple   | Lost mutation: Your system is resistant to poisons. (rPois)
                  | [potion of mutation]
 31958 | Temple   | Lost mutation: You possess an exceptional clarity of mind.
                  | [potion of mutation]
 31958 | Temple   | Gained mutation: You have a pair of small antennae on your
                  | head. [potion of mutation]
 31958 | Temple   | Gained mutation: You are weak. (Str -2) [potion of
                  | mutation]
 31958 | Temple   | Gained mutation: You occasionally lose the ability to drink
                  | potions when taking damage. [potion of mutation]
 31958 | Temple   | Gained mutation: You have supernaturally acute eyesight.
                  | (SInv) [potion of mutation]
 31959 | Temple   | Lost mutation: You are weak. (Str -2) [potion of mutation]
 31959 | Temple   | Lost mutation: You have supernaturally acute eyesight.
                  | (SInv) [potion of mutation]
 31959 | Temple   | Lost mutation: You occasionally lose the ability to drink
                  | potions when taking damage. [potion of mutation]
 31959 | Temple   | Gained mutation: Your mind is acute. (Int +4, Str/Dex -1)
                  | [potion of mutation]
 31959 | Temple   | Gained mutation: Your natural rate of healing is unusually
                  | fast. [potion of mutation]
 31959 | Temple   | Gained mutation: You are clumsy. (Dex -2) [potion of
                  | mutation]
 31959 | Temple   | Gained mutation: Your mind is very acute. (Int +8, Str/Dex
                  | -2) [potion of mutation]
 32188 | Snake:1  | Entered Level 1 of the Snake Pit
 32195 | Snake:1  | Reached skill level 5 in Axes
 32289 | Snake:1  | Identified Roxanne's Incunable of the Lithosphere
 32289 | Snake:1  | Noticed Roxanne
 32406 | Snake:1  | Killed Roxanne
 32574 | Snake:1  | Reached skill level 1 in Evocations
 32947 | Snake:1  | HP: 4/155 [constriction (4)]
 33148 | Lair:2   | HP: 6/155 [shock serpent/bolt of electricity (20)]
 33149 | Lair:2   | Killed from afar by a shock serpent

Illustrated notes

Levels and vault maps discovered:
D:1:      dpeg_arrival_rooms_c, layout_loops_cross,
          ebering_ecumenical_altar_hall, kennysheep_decorative_pillar,
          minmay_hedge_maze
D:2:      layout_loops_corners
D:3:      layout_basic, nicolae_overflow_squiral, serial_curves, eino_curves_02,
          eino_curves_04, kennysheep_jessica_study, uniq_natasha
D:4:      layout_loops_ring, mainiacjoe_overflow_chevrons,
          dilly_guarded_unrand_throatcut
D:5:      layout_loops_corners, mainiacjoe_overflow_surrounded_room,
          temple_green, dreamdust_wishing_well, uniq_prince_ribbit1,
          uniq_blork_the_orc, uniq_menkaure
D:6:      layout_basic, grunt_tough_drop
D:7:      layout_layer_cave, uniq_maggie
D:8:      layout_gridville
D:9:      layout_roguey
D:10:     layout_cave_pods, erik_lair_orcish_takeover, serial_column_ruins,
          column_ruins_hut_water, column_ruins_open_tiny, column_ruins_grid_1,
          column_ruins_corridor_corner, column_ruins_grid_1,
          column_ruins_columns_straight, column_ruins_columns_corner
D:11:     layout_gridville, ebering_ghost_inner_flame
D:12:     layout_long_grid, orc_0_dummy, serial_bayou, serial_bayou_pond_a,
          serial_bayou_crossing, serial_bayou_shore_b, serial_bayou_shore_a
D:13:     layout_loops_ring, special_room [special_room_orc]
D:14:     nicolae_cairo_tiling, layout_long_grid, erik_vaults_1,
          kennysheep_crisscross, grunt_ogre_cave, grunt_decor_one_mirror
D:15:     grunt_enter_depths_giant_problem, layout_basic,
          grunt_dithmenos_shadows, hangedman_parallel_progression
Temple:   eino_narrow_crystal_temple
Lair:1:   layout_regular_city, uniq_sonja
Lair:2:   layout_long_grid, dummy_snake_entry, minmay_holes, evilmike_ambush
          [evilmike_ambush_outer_basic, evilmike_ambush_inner_basic]
Lair:3:   layout_long_grid, minmay_shoals_entry_beasts,
          portal_ice_cave_entry_imps, st_stairs_4, kennysheep_catoblepas_arena
Lair:4:   layout_cave_pods, grunt_forest_large_clearings, grunt_megastairs_3,
          uniq_rupert
Lair:5:   evilmike_catoblepas_cave, layout_misc_corridors,
          minmay_slime_entry_jelly_boxes, chequers_serial_rivers_micro_c
Snake:1:  layout_layer_cave, nicolae_snake_springs, uniq_roxanne
Orc:1:    layout_diamond_mine, serial_shops, shop_statue
Orc:2:    st_orc_mages, layout_diamond_mine, gammafunk_ghost_arena, uniq_jorgrun

Skill      XL: |  1  2  3  4  5  6  7  8  9 10 11 12 13 14 15 16 |
---------------+-------------------------------------------------+-----
Fighting       | 4 5 6 7 8 9 10 12 13 14 16 17 | 17.1
Dodging        | 2 3 4 5 6 7 8 9 10 11 12 | 12.2
Armour         | 3 4 5 6 8 9 10 12 13 14 15 | 15.6
Short Blades   | 1 2 3 4 5 6 7 9 10 | 10.0
Ranged Weapons | 1 2 3 4 5 7 8 9 11 12 | 12.8
Axes           | 5 |  5.8
Evocations     | 1 |  1.2

Action                   |  1- 3 |  4- 6 |  7- 9 | 10-12 | 13-15 | 16-18 || total
-------------------------+-------+-------+-------+-------+-------+-------++-------
Melee: Hand axe          |    90 |    53 |       |       |       |       ||   143
       Punch             |     1 |     1 |     4 |    17 |    20 |     3 ||    46
       Short sword       |       |    89 |   385 |   918 |  1036 |    73 ||  2501
       Broad axe         |       |       |       |       |   124 |       ||   124
       Arbalest          |       |       |       |       |     1 |       ||     1
       Battleaxe         |       |       |       |       |   239 |   387 ||   626
       Long sword        |       |       |       |       |       |    12 ||    12
 Fire: Arbalest          |       |    36 |       |    27 |   145 |       ||   208
Invok: Berserk           |       |       |     1 |     2 |     4 |       ||     7
       Brothers in Arms  |       |       |       |       |     1 |       ||     1
       Trog's Hand       |       |       |       |       |       |     1 ||     1
Evoke: Wand              |       |       |       |     7 |     1 |     3 ||    11
  Use: Scroll            |       |       |    14 |    12 |     9 |     3 ||    38
       Potion            |       |       |     9 |     1 |    16 |     9 ||    35
 Stab: Sleeping          |     1 |       |       |       |       |       ||     1
       Petrified         |       |       |       |       |     4 |       ||     4
       Invisible         |       |       |       |       |     1 |     1 ||     2
       Petrifying        |       |       |       |       |     1 |       ||     1
Armor: Animal skin       |     3 |       |       |       |       |       ||     3
       Plate armour      |    65 |   131 |   197 |    36 |       |       ||   429
       Scale mail        |       |       |       |   365 |   857 |   350 ||  1572
Dodge: Dodged            |    36 |    62 |   142 |   410 |  1077 |   470 ||  2197
Block: Other             |       |       |       |       |       |     2 ||     2
       Reflection        |       |       |       |       |       |     1 ||     1

Table legend: (Time is in decaauts)
 A = Elapsed time spent in this place.
 B = Non-inter-level travel time spent in this place.
 C = Inter-level travel time spent in this place.
 D = Time resting spent in this place.
 E = Time spent auto-exploring this place.
 F = Levels seen in this place.
 G = Mean time per level.
                   A        B        C        D        E       F      G
               +--------+--------+--------+--------+--------+-----+--------+
         Total |  33230 |  29835 |   3395 |   4969 |  17827 |  25 | 1329.2 |
       Dungeon |  21392 |  18889 |   2503 |   2099 |  12916 |  15 | 1426.1 |
        Temple |   1628 |   1597 |     31 |   1389 |      0 |   1 | 1628.0 |
          Lair |   6510 |   6082 |    428 |    619 |   3878 |   5 | 1302.0 |
     Snake Pit |    690 |    690 |      0 |    215 |     80 |   1 |  690.0 |
  Orcish Mines |   2203 |   1773 |    430 |    267 |    953 |   2 | 1101.5 |
      Ice Cave |    804 |    804 |      0 |    378 |      0 |   1 |  804.0 |
               +--------+--------+--------+--------+--------+-----+--------+

Top non-repeatable levels by time:
    D:15: 2576 daAuts
     D:5: 1937 daAuts
     D:7: 1885 daAuts
    D:14: 1787 daAuts
  Temple: 1628 daAuts
    D:11: 1624 daAuts
     D:6: 1577 daAuts
   Orc:2: 1562 daAuts
    D:12: 1530 daAuts
  Lair:2: 1460 daAuts
    D:10: 1459 daAuts
  Lair:5: 1334 daAuts
  Lair:4: 1325 daAuts
  Lair:1: 1262 daAuts
     D:3: 1213 daAuts
